groovejumper, neutral female human Wizard ------- |..|..| -------- ------.....--- ---......--- |......---...| |?.........| |.|.|......|.--|.....%..|.--- |.|.--..|..|...-#-#-#-#--...| |......0|....>.@@0I...^^..<.| |.|.--0.|..|...-#-#-#-#--...| |.|.|......|.|(|........|.--- |......---...|-|?.........| ------.....--- ---......--- |..|..| -------- ------- groovejumper the Thaumaturge Experience level: 9 Strength: 11 Dexterity: 13 Constitution: 17 Intelligence: 18 Wisdom: 12 Charisma: 11 Health: 0(88) Energy: 69(79) AC: 8 Gold: 307 Moves: 10968 Your Inventory: Coins $ - 307 gold pieces Weapons E - a [blessed] fireproof [+2] quarterstaff of telepathy F - a blessed rustproof [+0] athame named Magicbane [Magicbane] (weapon in hand) Armor n - an uncursed +0 cloak of magic resistance (being worn) Comestibles b - an [uncursed] pancake g - 4 [uncursed] lizard corpses i - an [uncursed] candy bar o - 2 uncursed [stale] eggs q - 8 uncursed tripe rations r - 2 uncursed avacados s - 4 uncursed food rations w - an uncursed lichen corpse x - an uncursed tin [of orc meat] H - an [uncursed] tin [of giant beetle meat] S - an [uncursed] fortune cookie Scrolls a - 2 uncursed scrolls of magic mapping d - an [uncursed] scroll labeled VE FORBRYDERNE [of remove curse] j - an uncursed scroll of scare monster k - an uncursed scroll of destroy armor p - an uncursed scroll labeled TEMOV [of stinking cloud] u - an uncursed scroll of teleportation y - a blessed scroll labeled HAPAX LEGOMENON [of enchant weapon] D - an [uncursed] scroll labeled READ ME [of enchant armor] G - an [uncursed] scroll labeled YUM YUM [of charging] K - an [uncursed] scroll labeled HAPAX LEGOMENON [of enchant weapon] N - an [uncursed] scroll labeled ABRA KA DABRA [of create monster] O - a [blessed] scroll labeled VAS CORP BET MANI [of earth] P - a [cursed] scroll labeled VE FORBRYDERNE [of remove curse] W - an [uncursed] scroll of teleportation Z - a [cursed] scroll of confuse monster Potions h - 2 blessed clear potions [of holy water] I - a [cursed] black potion [of extra healing] L - an [uncursed] ruby potion [of paralysis] T - a [cursed] fizzy potion [of gain energy] V - a [cursed] brown potion [of speed] Y - an [uncursed] clear potion [of water] Rings e - an uncursed +1 ring of protection (on left hand) f - a cursed ring of polymorph m - an uncursed ring of slow digestion (on right hand) A - an uncursed ring of protection from shape changers X - a [blessed +1] porcelain ring [of gain intelligence] Wands c - an uncursed wand of striking (0:8) t - an uncursed iridium wand [of speed monster (0:7)] v - an [uncursed] plastic wand [of light (0:12)] M - a [cursed] plastic wand [of light (0:15)] R - an [uncursed] wand of striking [0:4] Tools B - an uncursed blindfold Spells known in the end: Name Level Category Fail Memory a - force bolt 1 attack 0% [||||....] b - sleep 1 enchantment 0% [||||....] c - restore ability 4 healing 96% [||||....] d - stone to flesh 3 healing 70% [||||||||] e - detect unseen 3 divination 70% [||||||||] Your skills at the end: Fighting Skills Weapon Skills dagger [Basic / Expert] quarterstaff [Basic / Expert] Spellcasting Skills attack spells [Expert / Expert] enchantment spells [Basic / Skilled] Final Attributes: You were piously aligned. Hunger level was 328. Your alignment was 60 / 64. Monster difficulty range was 1 - 7. Level difficulty was 6. You were magic-protected. You were telepathic. You had slower digestion. You were protected. Your luck was zero. Thoth was angry with you (3). You are dead. Vanquished creatures: a ghost 4 leprechauns 4 lizards a housecat a dust vortex a raven 2 gnome mummies 3 human zombies 2 bugbears 3 water nymphs a mountain nymph 2 Uruk-hai 6 rock piercers 6 rock moles a pony 3 fog clouds a yellow light 2 shriekers a violet fungus 2 gnome lords a kobold mummy a gray ooze 2 straw golems 2 wax golems 5 giant ants 5 floating eyes 3 kittens 3 dwarves 4 homunculi 3 kobold lords 3 kobold shamans 6 hill orcs 6 rothes a rabid rat 3 giant bats 3 orc zombies 5 dwarf zombies 5 werejackals 5 iguanas 2 acid blobs 2 coyotes 3 gas spores 2 hobbits 4 manes a large kobold a hobgoblin 5 giant rats a cave spider 3 yellow molds 2 green molds 3 red molds 2 gnomes 4 garter snakes 3 gnome zombies 3 geckos 6 jackals a fox 3 kobolds 3 goblins 2 sewer rats 12 grid bugs 4 lichens 14 newts 199 creatures vanquished. Voluntary challenges: You used a wielded weapon 164 times. You read items or engraved 9 times. You put on armor 1 time. You never genocided any monsters. You never polymorphed an object. You never changed form. You used no wishes. You wrote Elbereth's name 3 times. You encountered 1 bones level. You never used any Sokoban shortcuts. Dungeon overview: The Dungeons of Doom: levels 1 to 7 Level 1 a fountain a long staircase Level 2 some fountains Level 3 an altar to Thoth, some fountains stairs to The Gnomish Mines Level 4 a scroll shop, some fountains Level 5 a sink Level 6 many fountains Level 7 stairs to Sokoban The Gnomish Mines: Level 4 stairs to The Dungeons of Doom Sokoban: Level 6 <- You were here a magic chest stairs to The Dungeons of Doom History has recorded: On T:1 you entered the Dungeons of Doom to retrieve the Amulet of Yendor! On T:194 you advanced to experience level 2. On T:329 you reached level 2 of The Dungeons of Doom. On T:616 you advanced to experience level 3. On T:649 you reached level 3 of The Dungeons of Doom. On T:846 you reached level 1 of The Gnomish Mines. On T:854 you advanced to experience level 4. On T:1075 you advanced to experience level 5. On T:1325 you reached level 4 of The Dungeons of Doom. On T:1432 you advanced to experience level 6. On T:2001 you received Magicbane from Thoth. On T:2414 you advanced to experience level 7. On T:4383 you received Vorpal Blade from Thoth. On T:5321 you advanced to experience level 8. On T:5817 you received a fireproof quarterstaff of telepathy from Thoth. On T:8567 you reached level 5 of The Dungeons of Doom. On T:8570 you advanced to experience level 9. On T:10003 you reached level 6 of The Dungeons of Doom. On T:10447 you reached level 7 of The Dungeons of Doom. On T:10538 you reached level 3 of Sokoban. Latest messages: The spell hits the Green-elf! You feel more confident in your spell casting skills. The Green-elf thrusts her runed short sword. The Green-elf hits! [HP-11=14] You are now most skilled in attack spells. You drop a scroll of scare monster. The Green-elf thrusts her runed short sword. The Green-elf hits! [HP-8=6] You begin praying to Thoth. The Green-elf thrusts her runed short sword. The Green-elf hits! You die... Final status: Goodbye groovejumper the Wizard... You died in Sokoban on dungeon level 6 with 1997 points, and 307 pieces of gold, after 10968 moves. You were level 9 with a maximum of 88 hit points when you died.